 Dungeon Crawl Stone Soup version 0.31.0-12-g77e489cdc1 (webtiles) character file.

Game seed: 11154993018517639193

8479 Ekaitz the Geomancer (level 11, -4/65 HPs)
             Began as a Gargoyle Earth Elementalist on Feb 27, 2024.
             Was a Believer of Vehumet.
             Slain by an orc knight
             ... wielding a +0 battleaxe
              (17 damage)
             ... on level 13 of the Dungeon.
             The game lasted 00:26:00 (10508 turns).

Ekaitz the Geomancer (Gargoyle Earth Elementalist) Turns: 10508, Time: 00:26:01

Health: -4/65      AC: 14    Str: 26    XL:     11   Next: 31%
Magic:  16/28      EV: 12    Int: 16    God:    Vehumet [**....]
Gold:   869        SH:  0    Dex: 10    Spells: 5/21 levels left

rFire   . . .        l - +0 flail
rCold   . . .        (no shield)
rNeg    + + .        j - +2 leather armour {rN+}
rPois   ∞            U - +1 helmet of Nemelex Xobeh's Fury {*Corrode Regen+ Str+4}
rElec   +            V - +0 cloak
rCorr   .            t - +0 pair of gloves
SInv    .            (no boots)
Will    .....        n - amulet of regeneration
Stlth   ++           D - ring of magical power
HPRegen 1.90/turn    O - +6 ring of strength
MPRegen 0.21/turn

%: corrode self (3%)
@: corroded, very slightly contaminated
A: sickness immunity, AC +8, negative energy resistance 1, electricity
resistance, torment resistance 1, petrification resistance
a: Renounce Religion


You were on level 13 of the Dungeon.
You worshipped Vehumet.
Vehumet was pleased with you.
You visited 2 branches of the dungeon, and saw 13 of its levels.
You also visited: Ossuary.

You collected 869 gold pieces.

Inventory:

Hand Weapons
 l - a +0 flail (weapon)
 P - a +4 dagger
Missiles
 a - 17 javelins
 L - 2 curare-tipped darts
 M - 14 poisoned darts
Armour
 j - a +2 leather armour of positive energy (worn)
 t - a +0 pair of gloves (worn)
 T - a +0 kite shield
 U - the +1 helmet of Nemelex Xobeh's Fury (worn) {*Corrode Regen+ Str+4}
   (You found it on level 9 of the Dungeon)

   Str+4:     It affects your strength (+4).
   Regen+:    It increases your rate of health regeneration.
   *Corrode:  It may corrode you when you take damage.
 V - a +0 cloak (worn)
Magical Staves
 H - a staff of cold
Jewellery
 d - a +5 ring of evasion
 m - a ring of flight
 n - an amulet of regeneration (around neck)
 w - the ring "Ramiwack" {rPois SInv}
   (You found it on level 4 of the Dungeon)

   [ring of see invisible]

   rPois:     It protects you from poison SInv: It lets you see invisible.
 D - a ring of magical power (left hand)
 E - a ring of positive energy
 K - an amulet of reflection
 O - a +6 ring of strength (right hand)
Wands
 y - a wand of flame (14)
 N - a wand of paralysis (15)
 R - a wand of polymorph (1)
Scrolls
 f - 9 scrolls of teleportation {unknown}
 g - 6 scrolls of immolation {unknown}
 i - 3 scrolls of enchant armour {unknown}
 p - 3 scrolls of amnesia {unknown}
 q - a scroll of noise {unknown}
 s - 16 scrolls of identify {unknown}
 A - a scroll of butterflies {unknown}
 C - a scroll of vulnerability {unknown}
 F - a scroll of fear {unknown}
 G - a scroll of blinking {unknown}
 I - 3 scrolls of fog {unknown}
 Q - a scroll of poison {unknown}
 S - a scroll of torment {unknown}
Potions
 b - 2 potions of magic
 c - 5 potions of curing {unknown}
 e - 3 potions of lignification {unknown}
 h - 4 potions of enlightenment {unknown}
 k - 3 potions of might {unknown}
 o - 2 potions of invisibility {unknown}
 r - 2 potions of resistance {unknown}
 u - 4 potions of heal wounds {unknown}
 v - 3 potions of brilliance {unknown}
 x - 4 potions of degeneration {unknown}
 z - a potion of ambrosia {unknown}
 B - 2 potions of haste {unknown}
 J - a potion of mutation {unknown}


   Skills:
 * Level 6.3 Fighting
 + Level 4.7 Maces & Flails
 * Level 7.3 Armour
 + Level 3.4 Dodging
 + Level 4.6 Stealth
 * Level 3.2 Shields
 + Level 5.8 Spellcasting
 * Level 8.3 Conjurations
 + Level 0.5 Fire Magic
 * Level 10.2 Earth Magic
 + Level 0.1 Alchemy


You had 5 spell levels left.
You knew the following spells:

 Your Spells              Type           Power      Damage    Failure   Level
a - Sandblast             Erth           74%        2d16      1%          1
b - Passwall              Erth           37%        N/A       1%          3
c - Stone Arrow           Conj/Erth      68%        3d11      1%          3
d - Brom's Barrelling Bo  Conj/Erth      34%        2d5       3%          4
e - Petrify               Alch/Erth      21%        N/A       19%         4
f - Foxfire               Conj/Fire      72%        2x1d7     2%          1

Your spell library contained the following spells:

 Spells                   Type           Power      Damage    Failure   Level
 Mercury Vapours          Alch/Air       8%         N/A       22%         2
 Shock                    Conj/Air       72%        1d7       2%          1
 Dazzling Flash           Conj/Hex       36%        N/A       9%          3
 Hailstorm                Conj/Ice       18%        3d7       9%          3
 Freeze                   Ice            16%        1d4       16%         1
 Volatile Blastmotes      Fire/Tloc      10%        2d10      38%         3
 Frozen Ramparts          Ice            8%         1d2       43%         3
 Swiftness                Air            4%         N/A       43%         3
 Sticky Flame             Fire/Alch      5%         2d4       80%         4
 Airstrike                Air            2%         2d(1-17)  83%         4
 Starburst                Conj/Fire      9%         6d5       98%         6
 Conjure Ball Lightning   Conj/Air       9%         3x3d6     99%         6
 Maxwell's Capacitive Co  Air            2%         ∞         100%        8


Dungeon Overview and Level Annotations

Branches:
Dungeon (13/15)            Temple (1/1) D:6            Lair (0/5) D:9
Ossuary (visited)
    Orc: D:9-12      Vaults: D:13-14

Altars:
Ashenzari
Cheibriados
Dithmenos
Elyvilon
Fedhas
Gozag
Hepliaklqana
Kikubaaqudgha
Makhleb
Nemelex Xobeh
Okawaru
Qazlal
Ru
Sif Muna
Trog
Uskayaw
Vehumet
Wu Jian
Xom
Yredelemnul
Zin
The Shining One

Shops:
D:13 (

Portals:
Trove: D:13 (give 6 scrolls of fear)
Ice
Cave: D:13


Innate Abilities, Weirdness & Mutations

You are immune to sickness and miasma.
Your stone body is resilient. (AC +8)
You are immune to poison.
You resist negative energy. (rN+)
You are resistant to electric shocks. (rElec)
You are resistant to unholy torment.
You are immune to petrification.


Message History

The orc knight barely misses you.
The orc warrior hits you from afar with a +0 trident.
You closely miss the orc knight.
The orc knight is lightly wounded.
The orc knight hits you with a +0 battleaxe.
The orc warrior completely misses you.
You hit the orc knight.
The orc knight is lightly wounded.
The orc knight barely misses you. The orc warrior misses you.
The orc knight hits you with a +0 battleaxe!
Aiming: Polymorph
Press: ? - help, Shift-Dir - straight line, f/p - orc knight
Aim: an orc knight, wielding a +0 battleaxe and wearing a +0 plate armour (lightly wounded, will become a yak, a water nymph, or an unseen horror, chance to affect: 31%)
The orc knight easily resists.
The orc warrior hits you but does no damage.
The orc knight barely misses you.
Aiming: Polymorph
Press: ? - help, Shift-Dir - straight line, f/p - orc knight
Aim: an orc knight, wielding a +0 battleaxe and wearing a +0 plate armour (lightly wounded, will become a yak, a water nymph, or an unseen horror, chance to affect: 31%)
The orc knight easily resists.
The orc warrior hits you but does no damage.
The orc knight hits you with a +0 battleaxe!
Aiming: Polymorph
Press: ? - help, Shift-Dir - straight line, f/p - orc knight
Aim: an orc knight, wielding a +0 battleaxe and wearing a +0 plate armour (lightly wounded, will become a yak, a water nymph, or an unseen horror, chance to affect: 31%)
The orc knight easily resists.
You hear the quick crackling of a melting archway.
The orc warrior hits you from afar with a +0 trident!
* * * LOW HITPOINT WARNING * * *
The orc knight hits you with a +0 battleaxe!
* * * LOW HITPOINT WARNING * * *
Your corrosive artefact corrodes you!
Unknown command.
Unknown command.
Unknown command.
The orc knight attacks as it pursues you!
The orc knight closely misses you.
The orc knight attacks as it pursues you!
The orc knight hits you with a +0 battleaxe!
You die...

# ##. ≈##
##..#####≈.#
#......@#≈.#
..≈....o#≈.##
.#.#≈...#≈..#
#≈#≈.o#...#### ###
##≈#.......... ..#
##.≈..#.########.#
###....[[.$.....#
##.#########..#
...# #..#


You could see an orc knight and an orc warrior.

Vanquished Creatures
  Erolcha (D:9)
  A centaur warrior (D:13)
  Maurice (D:9)
  A gargoyle (D:12)
  2 rime drakes (D:13)
  A kobold demonologist (D:10)
  7 yaks
  A wraith (D:9)
  3 steam dragons
  A basilisk (D:12)
  2 vampire mosquitoes (D:13)
  A water moccasin (D:6)
  3 sky beasts
  4 orc warriors
  2 black bears
  4 ogres
  5 centaurs
  2 phantoms
  2 elf zombies (Ossuary)
  3 kobold brigands
  4 bullfrogs
  3 scorpions
  The ghost of bigplinko the Chopper, a weakling MiGl of the Shining One (D:4)
  A howler monkey (D:4)
  A bombardier beetle (D:6)
  7 jellies
  A quasit (D:8)
  4 hounds
  5 human zombies (Ossuary)
  4 orc priests
  3 iguanas
  9 orc wizards
  2 crocodile zombies (Ossuary)
  3 spectral hounds (Ossuary)
  4 mummies (Ossuary)
  9 adders
  3 shadow imps
  3 white imps
  2 ufetubi (D:5)
  2 spectral adders (Ossuary)
  2 spectral gnolls (Ossuary)
  2 ribbon worms (D:2)
  3 dart slugs
  5 adder simulacra (Ossuary)
  21 orcs
  7 endoplasms
  2 giant cockroaches
  5 gnoll zombies (Ossuary)
  6 goblins
  7 hobgoblins
  2 jackals (D:3)
  11 kobolds
  2 quokkas
  6 ball pythons
  3 bats
  2 frilled lizards
  4 gnoll simulacra (Ossuary)
  A jackal simulacrum (Ossuary)
  8 kobold zombies (Ossuary)
  3 orc zombies (Ossuary)
  3 rats
  2 spectral jackals (Ossuary)
225 creatures vanquished.

Vanquished Creatures (collateral kills)
  3 boulders
3 creatures vanquished.

Vanquished Creatures (others)
  An orc (D:9)
  20 foxfires
21 creatures vanquished.

Grand Total: 249 creatures vanquished

Notes
Turn   | Place    | Note
-------+----------+-------------------------------------------
     0 | D:1      | Ekaitz the Gargoyle Earth Elementalist began the quest for
                  | the Orb.
     0 | D:1      | Reached XP level 1. HP: 10/10 MP: 3/3
   182 | D:1      | Reached skill level 4 in Earth Magic
   240 | D:1      | Reached XP level 2. HP: 15/15 MP: 3/5
   561 | D:1      | Found a faded altar of an unknown god.
   877 | D:2      | Reached XP level 3. HP: 20/20 MP: 3/6
  1000 | D:2      | Learned a level 3 spell: Passwall
  1048 | D:2      | Reached skill level 1 in Fighting
  1428 | D:2      | Reached XP level 4. HP: 25/25 MP: 4/7
  1432 | D:2      | Learned a level 3 spell: Stone Arrow
  1865 | D:3      | Reached skill level 5 in Earth Magic
  2185 | D:4      | Noticed a scorpion
  2189 | D:4      | Killed a scorpion
  2190 | D:4      | Reached skill level 1 in Armour
  2190 | D:4      | Reached XP level 5. HP: 29/29 MP: 0/9
  2284 | D:4      | Identified the ring "Ramiwack" {rPois SInv}
  2337 | D:4      | Reached XP level 6. HP: 36/36 MP: 2/10
  2399 | D:4      | Noticed bigplinko's ghost (weakling MiGl)
  2399 | D:4      | Found a runed translucent door.
  2922 | D:4      | Reached skill level 6 in Earth Magic
  2936 | D:4      | Reached XP level 7. HP: 37/40 MP: 0/11
  2941 | D:4      | Learned a level 4 spell: Brom's Barrelling Boulder
  3206 | D:4      | Found a blossoming altar of Fedhas.
  3360 | D:4      | Killed bigplinko's ghost
  3451 | D:5      | Entered Level 5 of the Dungeon
  3452 | D:5      | Found a glowing golden altar of the Shining One.
  3613 | D:5      | Reached skill level 1 in Maces & Flails
  4177 | D:5      | Reached XP level 8. HP: 46/46 MP: 2/13
  4392 | D:6      | Reached skill level 7 in Earth Magic
  4467 | D:6      | Found a sand-covered staircase.
  4557 | D:6      | Found an iron altar of Okawaru.
  4558 | D:6      | Found a burning altar of Makhleb.
  4591 | Ossuary  | Entered an ossuary
  5625 | D:6      | Learned a level 4 spell: Petrify
  6005 | D:6      | Reached XP level 9. HP: 52/52 MP: 15/15
  6019 | D:6      | Reached skill level 8 in Earth Magic
  6022 | D:6      | Reached skill level 5 in Conjurations
  6478 | D:6      | Found a staircase to the Ecumenical Temple.
  6492 | Temple   | Entered the Ecumenical Temple
  6501 | Temple   | Became a worshipper of Vehumet
  6649 | D:7      | Reached skill level 5 in Fighting
  6901 | D:7      | Found a broken altar of Ashenzari.
  7140 | D:7      | Found a basalt altar of Yredelemnul.
  7141 | D:7      | Found a sacrificial altar of Ru.
  7160 | D:7      | Reached skill level 5 in Armour
  7163 | D:7      | Reached skill level 5 in Spellcasting
  7394 | D:7      | Found a shimmering blue altar of Sif Muna.
  7723 | D:8      | Found a stormy altar of Qazlal.
  8067 | D:8      | Reached * piety under Vehumet
  8067 | D:8      | Offered knowledge of Foxfire by Vehumet.
  8068 | D:8      | Reached skill level 9 in Earth Magic
  8068 | D:8      | Reached XP level 10. HP: 59/59 MP: 17/17
  8069 | D:8      | Got the Thoughts on Brilliant Kindling
  8097 | D:8      | Learned a level 1 spell: Foxfire
  8840 | D:9      | Noticed Erolcha
  8895 | D:9      | Killed Erolcha
  9245 | D:9      | Noticed Maurice
  9246 | D:9      | Identified the +1 helmet of Nemelex Xobeh's Fury {*Corrode
                  | Regen+ Str+4}
  9248 | D:9      | Paralysed by Maurice for 3 turns
  9257 | D:9      | Killed Maurice
  9258 | D:9      | Reached skill level 1 in Shields
  9584 | D:9      | Found a staircase to the Lair.
  9683 | D:10     | Entered Level 10 of the Dungeon
  9879 | D:10     | Noticed a kobold demonologist
  9891 | D:10     | Noticed a soul eater
  9891 | D:10     | Killed a kobold demonologist
  9891 | D:10     | Reached ** piety under Vehumet
  9895 | D:10     | Offered knowledge of Mercury Vapours by Vehumet.
  9915 | D:10     | Reached XP level 11. HP: 45/64 MP: 1/19
 10071 | D:10     | You fall into a shaft and drop 3 floors!
 10098 | D:13     | Noticed a red ugly thing
 10146 | D:13     | Found Kustrieto's Antique Weapon Emporium.
 10215 | D:13     | Found a portal to a secret trove of treasure.
 10224 | D:13     | Noticed a centaur warrior
 10228 | D:13     | Killed a centaur warrior
 10290 | D:13     | Noticed an orc knight
 10319 | D:13     | Reached skill level 10 in Earth Magic
 10495 | D:13     | Found a frozen archway.
 10508 | D:13     | Slain by an orc knight

Illustrated notes

Levels and vault maps discovered:
D:1:      zelgadis_glass_arrival_small, layout_loops_ring,
          ebering_ecumenical_altar_rust, minmay_pentomino_x4
D:2:      layout_loops_cross
D:3:      layout_rooms
D:4:      layout_loops_ring, lemuel_round_altar, hellmonk_ghost_happy_afterlife,
          minmay_misc_feat_alley, st_stairs_12, minmay_crossroads
D:5:      layout_basic, mainiacjoe_overflow_cross_hatched
D:6:      kennysheep_six_static_rooms, layout_loops_ring,
          nicolae_overflow_two_pavilions, minmay_temple_entry_proselytizer,
          enter_ossuary_5
D:7:      layout_loops_cross, ashenzari_altar_1, jmf_multi_god_temple,
          overflow_temple_1_default
D:8:      layout_loops_corners, mainiacjoe_overflow_paths, serial_demonic,
          serial_demonic_a, serial_demonic_d, serial_demonic_f,
          serial_demonic_e, corexii_corridor_pit, minmay_misc_feat_hallway,
          hangedman_abyss_or_decor_lesser_grid
D:9:      layout_loops_ring, lair_entry_dummy, uniq_erolcha, uniq_maurice
D:10:     layout_rooms, chequers_serial_rivers_micro_e,
          minmay_misc_feat_secret_circle, kennysheep_kite_vault
D:12:     layout_cave_pools, uniq_snorg
D:13:     minmay_containers, layout_loops_ring, serial_shops, shop,
          portal_ice_cave_rime, enter_trove_6
Temple:   compressed_dpeg_triangle_lava_temple

Skill      XL: |  1  2  3  4  5  6  7  8  9 10 11 |
---------------+----------------------------------+-----
Earth Magic    | 4 5 6 7 9 10 | 10.2
Fighting       | 1 2 3 4 5 6 |  6.3
Armour         | 1 2 4 5 7 |  7.3
Conjurations   | 2 3 4 5 7 8 |  8.3
Spellcasting   | 3 4 5 |  5.8
Stealth        | 3 4 |  4.6
Maces & Flails | 1 3 4 |  4.7
Dodging        | 2 3 |  3.4
Shields        | 2 3 |  3.2
Fire Magic     | |  0.5
Alchemy        | |  0.1

Action                     |  1- 3 |  4- 6 |  7- 9 | 10-12 || total
---------------------------+-------+-------+-------+-------++-------
  Melee: Unarmed           |     5 |       |       |       ||     5
         Club              |       |    33 |       |       ||    33
         Punch             |       |     1 |     8 |     2 ||    11
         Flail             |       |       |   358 |    98 ||   456
   Cast: Sandblast         |    44 |    37 |    22 |     1 ||   104
         Stone Arrow       |       |    10 |   113 |    81 ||   204
         Petrify           |       |       |     2 |     2 ||     4
         Foxfire           |       |       |       |    14 ||    14
         Brom's Barrelling |       |       |       |     4 ||     4
  Evoke: Wand              |       |       |       |     3 ||     3
   Stab: Sleeping          |       |     1 |     5 |     2 ||     8
         Petrified         |       |       |    10 |     4 ||    14
         Petrifying        |       |       |     1 |       ||     1
         Distracted        |       |       |       |     1 ||     1
 Armour: Robe              |     5 |       |       |       ||     5
         Leather armour    |     2 |    32 |   273 |   196 ||   503
  Dodge: Dodged            |    12 |    49 |   342 |   149 ||   552
